[Event "Titled Tuesday Blitz November 14 Late 2023"]
[White "Flameboard08"]
[Black "elmusmolamas"]
[WhiteElo "2622"]
[BlackElo "2535"]
[Result "0-1"]
[Round "11"]
[TimeControl "180+1"]
[Date "2023.11.14"]
[WhiteClock "0:00:00"]
[BlackClock "0:00:30"]
[Board "35"]

1. f4 Nh6 2. Nf3 g6 3. g3 Bg7 4. Bg2 c6 5. O-O Qb6+ 6. d4 O-O 7. Kh1 d5 8. c3 Nd7 9. Nbd2 Nf6 10. Ne5 Nf5 11. Nb3 a5 12. Nc5 Qc7 13. e4 Nd6 14. exd5 cxd5 15. h3 b6 16. Ncd3 Nde4 17. Kh2 Ba6 18. Rf3 e6 19. Be3 Ne8 20. Rf1 N8d6 21. Re1 Rae8 22. Nf2 f6 23. Nxe4 Nxe4 24. Ng4 Nd6 25. Bf2 Nf5 26. Ne3 Nd6 27. h4 Kh8 28. h5 g5 29. h6 Bxh6 30. Qh5 Qg7 31. Ng4 Nf5 32. Nxh6 Qxh6 33. Qxh6 Nxh6 34. Bh3 g4 35. Bg2 Nf5 36. Bf1 Bxf1 37. Rxf1 Nd6 38. Kg2 Kg7 39. Rh1 Rh8 40. Rh5 Kg6 41. Rah1 Nf5 42. Be1 b5 43. Bd2 h6 44. R5h2 h5 45. a4 bxa4 46. Ra1 Rb8 47. Bc1 Rb5 48. Rxa4 h4 49. gxh4 Rxh4 50. Rxh4 Nxh4+ 51. Kg3 Kh5 52. Be3 Nf5+ 53. Kf2 g3+ 54. Kf3 Nxe3 55. Kxe3 Kg4 56. Ra1 Rxb2 0-1


[Site "https://www.chess.com"]

[Event "Titled Tuesday Blitz November 14 Late 2023"]
[White "Willy, Stephen"]
[Black "Sakun, Volodymyr"]
[WhiteFideId "30981468"]
[BlackFideId "14114062"]
[WhiteElo "2493"]
[BlackElo "2617"]
[Result "0-1"]
[Round "11"]
[TimeControl "180+1"]
[Date "2023.11.14"]
[WhiteClock "0:00:01"]
[BlackClock "0:00:13"]
[Board "36"]

1. e4 e5 2. Nf3 Nc6 3. c3 Nf6 4. d4 Nxe4 5. d5 Ne7 6. Nxe5 Ng6 7. Nxg6 hxg6 8. Qe2 Qe7 9. Be3 Nf6 10. c4 d6 11. Nc3 Ng4 12. O-O-O Nxe3 13. fxe3 g5 14. e4 g6 15. e5 Qxe5 16. Qf2 Qf4+ 17. Qxf4 gxf4 18. Re1+ Kd8 19. Bd3 Bg7 20. h3 Bd7 21. Rhf1 Bxc3 22. bxc3 g5 23. Re2 f5 24. Rfe1 c6 25. Re7 cxd5 26. cxd5 Rc8 27. Kd2 Rc5 28. c4 g4 29. Rg7 f3 30. gxf3 gxh3 31. Rh1 Ra5 32. Ke3 Rxa2 33. Kf4 Ra3 34. Bxf5 Bxf5 35. Kxf5 Rxf3+ 36. Ke6 Rh6+ 37. Rg6 Rxg6# 0-1


[Site "https://www.chess.com"]

[Event "Titled Tuesday Blitz November 14 Late 2023"]
[White "Kubicka, Anna"]
[Black "Gimenez Aguirre, Alejo Ismael"]
[WhiteFideId "1152254"]
[BlackFideId "32041667"]
[WhiteElo "2492"]
[BlackElo "2617"]
[Result "1-0"]
[Round "11"]
[TimeControl "180+1"]
[Date "2023.11.14"]
[WhiteClock "0:00:20"]
[BlackClock "0:00:23"]
[Board "37"]

1. e4 c5 2. Ne2 g6 3. g3 Bg7 4. Bg2 h5 5. h3 d6 6. O-O Nc6 7. c3 c4 8. b3 cxb3 9. axb3 Nf6 10. d4 O-O 11. Be3 a6 12. c4 Rb8 13. Nbc3 Bd7 14. d5 Nb4 15. Nd4 b5 16. cxb5 axb5 17. Qd2 e5 18. dxe6 Bxe6 19. Ncxb5 Qd7 20. Qxb4 Bxh3 21. Qxd6 Qc8 22. Rac1 Qg4 23. Bf3 Qd7 24. e5 Qxd6 25. Nxd6 Ne8 26. Nxe8 Rfxe8 27. Bf4 Bxf1 28. Rxf1 Bxe5 29. Bxe5 Rxe5 30. Nc6 Rf5 31. Nxb8 Rxf3 32. Rb1 Rf5 33. b4 Rb5 34. Nc6 Kf8 35. Nd4 Rd5 36. Ne2 Rb5 37. Nc3 Rb6 38. b5 Ke8 39. Na4 Rb8 40. Nc5 Ke7 41. b6 Kd6 42. Ne4+ Kd5 43. Nc3+ Kc6 44. b7 g5 45. Ne4 g4 46. Nf6 h4 47. gxh4 Kc7 48. Nxg4 f5 49. Ne3 f4 50. Nd5+ Kd6 51. Nxf4 Kc7 52. Kh2 Kc6 53. Kh3 Kc7 54. h5 Kc6 55. Kh4 Kc7 56. h6 Rh8 57. b8=Q+ 1-0


[Site "https://www.chess.com"]

[Event "Titled Tuesday Blitz November 14 Late 2023"]
[White "Melikhov, Evgeny V."]
[Black "Vlassov, Nikolai"]
[WhiteFideId "4122046"]
[BlackFideId "4103360"]
[WhiteElo "2430"]
[BlackElo "2614"]
[Result "1/2-1/2"]
[Round "11"]
[TimeControl "180+1"]
[Date "2023.11.14"]
[WhiteClock "0:00:04"]
[BlackClock "0:00:05"]
[Board "38"]

1. d4 Nf6 2. c4 Nc6 3. Nf3 e6 4. Nc3 Bb4 5. Qc2 d6 6. e4 e5 7. d5 Bxc3+ 8. Qxc3 Ne7 9. Bd3 O-O 10. h3 c6 11. Be3 cxd5 12. cxd5 Bd7 13. O-O Ng6 14. Rfc1 Nh5 15. Qc7 Nhf4 16. Qxd8 Rfxd8 17. Bf1 f5 18. exf5 Bxf5 19. Rc7 Nxd5 20. Rxb7 Nxe3 21. fxe3 Rab8 22. Rxa7 Rxb2 23. Rc1 Rc2 24. Rxc2 Bxc2 25. a4 d5 26. a5 d4 27. exd4 exd4 28. Bc4+ Kh8 29. a6 d3 30. Rc7 h6 31. a7 Ne5 32. Nxe5 d2 33. Be2 d1=Q+ 34. Bxd1 Rxd1+ 35. Kh2 Be4 36. Nc6 Ra1 37. Rc8+ Kh7 38. a8=Q Rxa8 39. Rxa8 Bxc6 40. Ra7 Bd5 41. g4 Kg6 42. Kg3 Kf6 43. h4 Bc4 44. Rc7 Bb3 45. Rb7 Bc4 46. Rb6+ Kf7 47. Kf4 Bd3 48. g5 hxg5+ 49. hxg5 Bc2 50. Rc6 Bb1 51. Rc1 Bd3 52. Rd1 Bc2 53. Rd6 Bb1 54. Rc6 Bd3 55. Ke5 Bb1 56. Kf4 Bd3 57. Rc7+ Kg6 58. Rd7 Bc2 59. Rd2 Bb1 60. Rb2 Bd3 61. Rb6+ Kf7 62. Kg4 Bc2 63. Kh5 Bd1+ 64. Kh4 Bc2 65. Kg4 Bd1+ 66. Kf4 Bc2 67. Ke5 Bd3 68. Rd6 Bc2 69. Rd2 Bb1 70. Kf4 Kg6 71. Rd7 Bc2 72. Rd6+ Kf7 73. Kg4 Be4 74. Rd4 Bc2 75. Rf4+ Kg6 76. Rc4 Bd3 77. Rd4 Be2+ 78. Kf4 Bb5 79. Rd6+ Kf7 80. Kf5 Ba4 81. g6+ Ke7 82. Ra6 Bc2+ 83. Ke5 Bd3 84. Ra7+ Kf8 85. Rf7+ Kg8 86. Rf5 Bxf5 87. Kxf5 Kf8 88. Ke6 Ke8 89. Kd6 Kd8 90. Ke6 Ke8 91. Kd6 Kd8 92. Ke6 Ke8 1/2-1/2


[Site "https://www.chess.com"]

[Event "Titled Tuesday Blitz November 14 Late 2023"]
[White "Saya, Ethan"]
[Black "Ambartsumova, Karina"]
[WhiteFideId "26095181"]
[BlackFideId "4166299"]
[WhiteElo "2461"]
[BlackElo "2636"]
[Result "0-1"]
[Round "11"]
[TimeControl "180+1"]
[Date "2023.11.14"]
[WhiteClock "0:00:00"]
[BlackClock "0:00:54"]
[Board "39"]

1. d4 Nf6 2. c4 e6 3. Nf3 d5 4. g3 dxc4 5. Bg2 Nc6 6. O-O Rb8 7. a4 a6 8. Nbd2 b5 9. axb5 axb5 10. e3 Be7 11. Qc2 Nb4 12. Qb1 O-O 13. Ne5 Bb7 14. Bxb7 Rxb7 15. Ne4 Qd5 16. Nxf6+ Bxf6 17. Bd2 Bxe5 18. Bxb4 Bd6 19. Qe1 c5 20. dxc5 Bxc5 21. Ra5 h5 22. h4 Qd6 23. Bxc5 Qxc5 24. Qd2 Rc8 25. Rd1 g6 26. Qd4 Qxd4 27. Rxd4 b4 28. Ra1 c3 29. Kg2 c2 30. Rc1 b3 31. Rd3 Kg7 32. Kf3 Ra8 33. Ke2 Ra2 34. Kd2 Rxb2 35. Rc3 Rb1 36. Rc4 Rxc1 37. Kxc1 b2+ 38. Kxc2 b1=Q+ 0-1


[Site "https://www.chess.com"]

[Event "Titled Tuesday Blitz November 14 Late 2023"]
[White "GatoRojo150"]
[Black "Karamsetty, Jeevan"]
[BlackFideId "2025337"]
[WhiteElo "2621"]
[BlackElo "2541"]
[Result "0-1"]
[Round "11"]
[TimeControl "180+1"]
[Date "2023.11.14"]
[WhiteClock "0:00:21"]
[BlackClock "0:00:49"]
[Board "40"]

1. e4 c5 2. Nf3 Nc6 3. Nc3 g6 4. Bc4 e6 5. O-O Bg7 6. d4 Nxd4 7. Nxd4 cxd4 8. Nb5 d6 9. c3 Ne7 10. Nxd4 O-O 11. Bg5 Qc7 12. Bb3 a6 13. f4 Nc6 14. Kh1 Qb6 15. Nf3 h6 16. Bh4 Na5 17. Be7 Re8 18. Qxd6 Qb5 19. Nd4 Bxd4 20. cxd4 Nxb3 21. axb3 Qxb3 22. Bf6 Qb5 23. Qa3 Bd7 24. Qg3 Kh7 25. Be5 Rac8 26. Qh4 Rg8 27. Rf3 h5 28. g4 Qe2 29. Rf2 Qxe4+ 30. Kg1 Bc6 31. Kf1 Qh1+ 32. Ke2 Bb5+ 33. Ke3 Qxa1 34. gxh5 Qe1+ 35. Kf3 Qd1+ 36. Ke3 Qd3# 0-1


[Site "https://www.chess.com"]

[Event "Titled Tuesday Blitz November 14 Late 2023"]
[White "Golubev, Mikhail"]
[Black "Kanyamarala, Trisha"]
[WhiteFideId "14100983"]
[BlackFideId "45004722"]
[WhiteElo "2603"]
[BlackElo "2510"]
[Result "1-0"]
[Round "11"]
[TimeControl "180+1"]
[Date "2023.11.14"]
[WhiteClock "0:00:11"]
[BlackClock "0:00:13"]
[Board "41"]

1. e4 c5 2. Nf3 Nc6 3. Nc3 d6 4. d4 cxd4 5. Nxd4 Nf6 6. Bc4 e6 7. Be3 a6 8. Bb3 Bd7 9. f4 b5 10. f5 e5 11. Nde2 b4 12. Nd5 Nxd5 13. Qxd5 Qe7 14. O-O Rb8 15. a4 Nd8 16. f6 gxf6 17. Ng3 Be6 18. Qd3 h5 19. Nf5 Bxf5 20. Rxf5 Ne6 21. Qxa6 Bh6 22. Bf2 Bf4 23. g3 Ng7 24. gxf4 Nxf5 25. exf5 Rg8+ 26. Kh1 Qc7 27. Qc4 Qd7 28. Rg1 Rxg1+ 29. Kxg1 Kf8 30. Bh4 Kg7 31. Qe4 Kh7 32. Bxf6 Qa7+ 33. Kf1 Qa6+ 34. Bc4 Qxa4 35. Bxf7 Qa1+ 36. Kf2 Qxb2 37. Bg6+ Kh6 38. Bg5+ Kg7 39. f6+ Kh8 40. fxe5 dxe5 41. Bh6 Qd4+ 42. Qxd4 exd4 43. f7 d3 44. cxd3 b3 45. f8=Q+ Rxf8+ 46. Bxf8 b2 47. d4 Kg8 48. Bh6 h4 49. Bb1 h3 50. Bf4 Kf7 51. Kg3 Ke6 52. Be5 Kd5 53. Kxh3 Kc4 54. Kg3 Kc3 55. Bf5 Kd2 56. h4 Kc1 57. h5 b1=Q 58. Bxb1 Kxb1 59. h6 1-0


[Site "https://www.chess.com"]

[Event "Titled Tuesday Blitz November 14 Late 2023"]
[White "Guerra Tulcan, Lenin"]
[Black "Erzhanov, Arman"]
[WhiteFideId "3601382"]
[BlackFideId "4138821"]
[WhiteElo "2593"]
[BlackElo "2507"]
[Result "0-1"]
[Round "11"]
[TimeControl "180+1"]
[Date "2023.11.14"]
[WhiteClock "0:00:17"]
[BlackClock "0:00:13"]
[Board "42"]

1. e4 d6 2. d4 Nf6 3. Nc3 c6 4. a4 e5 5. Nf3 Nbd7 6. Be2 Be7 7. O-O O-O 8. h3 Re8 9. Re1 Bf8 10. Bf1 b6 11. Bg5 a6 12. Qd2 Qc7 13. Rad1 Bb7 14. Nh4 g6 15. Bh6 exd4 16. Bxf8 dxc3 17. Qxd6 Qxd6 18. Bxd6 Nxe4 19. Ba3 Ndf6 20. f3 Ng3 21. Bd3 Nd5 22. Kf2 Nh5 23. g4 Nhf4 24. Be4 Nxh3+ 25. Kg3 Nhf4 26. bxc3 b5 27. a5 Rad8 28. Bc5 Ne6 29. Bxd5 Nxc5 30. Bb3 Nxb3 31. cxb3 Bc8 32. Ng2 Be6 33. b4 Bb3 34. Rxd8 Rxd8 35. Nf4 Kf8 36. Re3 Rd1 37. Nd3 Be6 38. Nc5 Bc8 39. Kf4 Rd5 40. Rd3 Rxd3 41. Nxd3 f6 42. Ke4 Ke7 43. Kd4 Kd6 44. Nc5 h5 45. Ne4+ Ke6 46. Nc5+ Ke7 47. Ke4 h4 48. Kf4 g5+ 49. Ke3 Kd6 50. Nd3 Kd5 51. Nf2 Kc4 52. Ne4 h3 53. Kf2 f5 54. gxf5 Bxf5 55. Nd6+ Kxc3 56. Nxf5 Kxb4 57. Nd4 c5 58. Nc6+ Ka4 59. Nd8 b4 60. Ne6 b3 61. Nxg5 b2 62. Ne4 Kb3 63. f4 Kc2 64. Nxc5 b1=Q 65. Nxa6 Qb5 66. Nc7 Qc5+ 67. Kg3 Qxc7 68. Kxh3 Qxa5 69. Kg4 Qd8 70. f5 Qf8 71. Kg5 Kc3 72. f6 Kd4 73. Kf5 Kd5 74. f7 Kd6 75. Kg6 Ke7 76. Kh7 Qxf7+ 77. Kh8 Qf5 78. Kg8 Qe6+ 79. Kg7 Qf6+ 80. Kh7 Qg5 81. Kh8 Kf7 82. Kh7 Qg7# 0-1


[Site "https://www.chess.com"]

[Event "Titled Tuesday Blitz November 14 Late 2023"]
[White "Fernandez Reyes, Lisandro"]
[Black "Wanyama, Harold"]
[WhiteFideId "3504190"]
[BlackFideId "10000380"]
[WhiteElo "2583"]
[BlackElo "2451"]
[Result "1-0"]
[Round "11"]
[TimeControl "180+1"]
[Date "2023.11.14"]
[WhiteClock "0:02:28"]
[BlackClock "0:00:53"]
[Board "43"]

1. e4 c5 2. Nc3 Nc6 3. f4 g6 4. Nf3 Bg7 5. Bb5 Nd4 6. O-O e6 7. a4 Ne7 8. e5 Nxf3+ 9. Qxf3 O-O 10. Ne4 a6 11. Bc4 Qc7 12. d3 Nf5 13. g4 Nd4 14. Qf2 b6 15. c3 Nc6 16. Nf6+ Kh8 17. Qh4 Bxf6 18. exf6 d5 19. Qh6 Rg8 20. Rf3 1-0


[Site "https://www.chess.com"]

[Event "Titled Tuesday Blitz November 14 Late 2023"]
[White "Janaszak, Dawid"]
[Black "Golubenko, Valentina"]
[WhiteFideId "1119206"]
[BlackFideId "4501993"]
[WhiteElo "2578"]
[BlackElo "2427"]
[Result "1-0"]
[Round "11"]
[TimeControl "180+1"]
[Date "2023.11.14"]
[WhiteClock "0:00:12"]
[BlackClock "0:00:05"]
[Board "44"]

1. Nc3 Nf6 2. e4 d6 3. d4 g6 4. Bf4 Bg7 5. Qd2 O-O 6. Bh6 c5 7. Nge2 cxd4 8. Nxd4 Nc6 9. Bxg7 Kxg7 10. O-O-O a6 11. Nxc6 bxc6 12. e5 Ng4 13. exd6 exd6 14. f3 Ne5 15. Qxd6 Qg5+ 16. Kb1 Be6 17. Ne4 Qf5 18. Be2 Bd5 19. Ng3 Qf4 20. Qc5 Rfb8 21. Rd4 Qf6 22. Rhd1 Rb7 23. c3 Rab8 24. R1d2 Nd7 25. Qa3 h5 26. Ne4 Bxe4+ 27. Rxe4 Ne5 28. Red4 Qg5 29. Bd1 Qf5+ 30. Bc2 Qf6 31. Be4 c5 32. Rd6 Qg5 33. Qxa6 Qe3 34. Qf1 Nc4 35. Re2 Rxb2+ 36. Rxb2 Rxb2+ 37. Ka1 Qd2 38. Ra6 Rxa2+ 39. Rxa2 Qxc3+ 40. Kb1 Na3+ 41. Rxa3 Qxa3 42. Qd3 Qb4+ 43. Kc2 Qa4+ 44. Qb3 Qa5 45. Qc3+ Qxc3+ 46. Kxc3 f5 47. Bd3 Kf6 48. f4 g5 49. g3 gxf4 50. gxf4 Ke6 51. Kc4 Kf6 52. Kd5 Kg6 53. Ke5 Kh6 54. Bxf5 c4 55. Bc2 c3 56. Kd4 Kg7 57. Kxc3 Kf6 58. Kd4 Kg7 59. Ke3 Kf6 60. Kf3 Kg7 61. Kg3 Kf6 62. Kh4 Kg7 63. Kxh5 Kf6 64. Kg4 Kg7 65. f5 Kh8 66. Kg5 Kg7 67. f6+ Kh8 68. Kg6 Kg8 69. Bb3+ Kh8 70. Ba4 Kg8 71. h4 Kh8 72. Kf7 Kh7 73. Ke7 Kh6 74. f7 Kh5 75. f8=Q 1-0


[Site "https://www.chess.com"]

[Event "Titled Tuesday Blitz November 14 Late 2023"]
[White "Prithu Gupta"]
[Black "Esquivel Golcher, Luis Enrique"]
[WhiteFideId "46618546"]
[BlackFideId "6600174"]
[WhiteElo "2577"]
[BlackElo "2426"]
[Result "1-0"]
[Round "11"]
[TimeControl "180+1"]
[Date "2023.11.14"]
[WhiteClock "0:02:15"]
[BlackClock "0:00:12"]
[Board "45"]

1. d4 e6 2. c4 Bb4+ 3. Bd2 Qe7 4. Nf3 Nf6 5. g3 Nc6 6. Bg2 d6 7. O-O Bxd2 8. Qxd2 e5 9. Nc3 e4 10. Ng5 Bf5 11. Nd5 Qd8 12. Rad1 Nxd5 13. cxd5 Ne7 14. Nxe4 Qd7 15. Nc3 Bh3 16. e4 Bxg2 17. Kxg2 h5 18. h4 O-O-O 19. a4 Kb8 20. a5 Ng6 21. Qg5 Rh6 22. e5 dxe5 23. dxe5 Qg4 24. Qxd8+ 1-0


[Site "https://www.chess.com"]

[Event "Titled Tuesday Blitz November 14 Late 2023"]
[White "Mazzilli, Piero"]
[Black "Sanchez Alvares, Kelvin Antonio"]
[WhiteFideId "807087"]
[BlackFideId "3906680"]
[WhiteElo "2385"]
[BlackElo "2567"]
[Result "1-0"]
[Round "11"]
[TimeControl "180+1"]
[Date "2023.11.14"]
[WhiteClock "0:00:43"]
[BlackClock "0:01:23"]
[Board "46"]

1. e4 e5 2. Nf3 Nc6 3. Nc3 Bc5 4. Nxe5 Nxe5 5. d4 Bd6 6. dxe5 Bxe5 7. Bc4 Nf6 8. O-O O-O 9. Bg5 Bxc3 10. bxc3 h6 11. Bh4 g5 12. Bg3 Nxe4 13. Bd3 Nxg3 14. fxg3 d6 15. Qh5 Kg7 16. Rxf7+ Rxf7 17. Qg6+ Kh8 18. Qxf7 Qg8 19. Qf6+ Qg7 20. Qd8+ Qg8 21. Qxc7 Be6 22. Re1 Rc8 23. Qxb7 Rxc3 24. Rxe6 Rxd3 25. Rxh6+ 1-0


[Site "https://www.chess.com"]

[Event "Titled Tuesday Blitz November 14 Late 2023"]
[White "Santos Flores, Alberto"]
[Black "Silvestre, Christian"]
[WhiteFideId "3601234"]
[BlackFideId "30956269"]
[WhiteElo "2563"]
[BlackElo "2282"]
[Result "1-0"]
[Round "11"]
[TimeControl "180+1"]
[Date "2023.11.14"]
[WhiteClock "0:00:24"]
[BlackClock "0:00:20"]
[Board "47"]

1. e4 c5 2. Nf3 a6 3. c4 e6 4. Nc3 Qc7 5. d4 cxd4 6. Nxd4 Nf6 7. Be2 b6 8. O-O Bb7 9. f3 d6 10. Be3 Be7 11. Rc1 Nbd7 12. b3 O-O 13. Qd2 Rac8 14. g4 Rfd8 15. g5 Ne8 16. f4 Qb8 17. Bf3 Nc7 18. Bg2 d5 19. cxd5 exd5 20. e5 Nc5 21. f5 Bf8 22. f6 g6 23. Bf4 N7e6 24. Nxe6 Nxe6 25. Bg3 d4 26. Ne4 Nc5 27. Nxc5 Bxc5 28. e6 Bd6 29. Bxd6 Rxd6 30. Bxb7 Qxb7 31. Rxc8+ Qxc8 32. e7 d3 33. Rc1 Qd7 34. Rc3 Qg4+ 35. Kf2 Rd4 36. e8=Q# 1-0


[Site "https://www.chess.com"]

[Event "Titled Tuesday Blitz November 14 Late 2023"]
[White "Tristan, Leonardo"]
[Black "Avalos Parra, Joao"]
[WhiteFideId "113816"]
[BlackFideId "3402541"]
[WhiteElo "2677"]
[BlackElo "2368"]
[Result "1-0"]
[Round "11"]
[TimeControl "180+1"]
[Date "2023.11.14"]
[WhiteClock "0:02:05"]
[BlackClock "0:01:47"]
[Board "48"]

1. d4 d5 2. Nf3 Nf6 3. Bf4 e6 4. e3 Bd6 5. c3 O-O 6. Nbd2 c5 7. Bd3 Qc7 8. Bxd6 Qxd6 9. Ne5 Nc6 10. f4 Ne7 11. Qf3 b6 12. g4 Bb7 13. g5 Nd7 14. Qh3 f5 15. gxf6 Nxf6 16. Rg1 Kh8 17. O-O-O cxd4 18. exd4 Rac8 19. Rxg7 Kxg7 20. Rg1+ Kh8 21. Qh6 1-0


[Site "https://www.chess.com"]

[Event "Titled Tuesday Blitz November 14 Late 2023"]
[White "angelgab3"]
[Black "Kostiukov, Alexandr"]
[BlackFideId "14108100"]
[WhiteElo "2562"]
[BlackElo "2448"]
[Result "1-0"]
[Round "11"]
[TimeControl "180+1"]
[Date "2023.11.14"]
[WhiteClock "0:00:51"]
[BlackClock "0:00:00"]
[Board "49"]

1. e4 c5 2. Nf3 g6 3. d4 cxd4 4. Nxd4 Bg7 5. c4 Nc6 6. Be3 Nf6 7. Nc3 Nxd4 8. Qxd4 Qa5 9. Rb1 O-O 10. b4 Qd8 11. Qd2 a5 12. a3 axb4 13. axb4 Ra3 14. f3 Rxc3 15. Qxc3 Nxe4 16. Qc2 Nc3 17. Rb3 Na4 18. Ra3 Nb6 19. Qf2 Nxc4 20. Bxc4 Qc7 21. Bd3 Qd6 22. O-O Qxb4 23. Bc5 Qf4 24. Bxe7 Bd4 25. Bxf8 Bxf2+ 26. Rxf2 Kxf8 27. Rc3 Qb8 28. Rfc2 Qa7+ 29. Kh1 Kg7 30. Rxc8 Qd4 31. Bf1 b6 32. h3 h5 33. R8c3 d5 34. Rd3 Qa1 35. Kg1 d4 36. Rcd2 Kf6 37. Rxd4 Qa5 38. Kh2 h4 39. Bc4 Qg5 40. Re2 Qc5 41. Rf4+ 1-0


[Site "https://www.chess.com"]

[Event "Titled Tuesday Blitz November 14 Late 2023"]
[White "The_Straightforward_Rook"]
[Black "ExchangeAB"]
[WhiteElo "2547"]
[BlackElo "2444"]
[Result "0-1"]
[Round "11"]
[TimeControl "180+1"]
[Date "2023.11.14"]
[WhiteClock "0:00:15"]
[BlackClock "0:00:08"]
[Board "50"]

1. e4 c6 2. Nc3 d5 3. Nf3 Bg4 4. h3 Bxf3 5. Qxf3 e6 6. Qg3 h5 7. d3 h4 8. Qf4 Nd7 9. Be2 Qb8 10. exd5 Qxf4 11. Bxf4 exd5 12. O-O O-O-O 13. a4 Ngf6 14. a5 Nc5 15. Bg5 a6 16. Bg4+ Kc7 17. Na4 Nxa4 18. Rxa4 Bd6 19. Be3 Rde8 20. Bf3 Nd7 21. Bg5 Be7 22. Bf4+ Bd6 23. Bd2 f6 24. Re1 g5 25. Bg4 Rxe1+ 26. Bxe1 Re8 27. Kf1 Nc5 28. Ra1 Ne6 29. Bd2 Nd4 30. Rc1 Bf4 31. Bxf4+ gxf4 32. b4 f5 33. Bd1 Kd6 34. c3 Nb5 35. Rc2 c5 36. Rc1 Re7 37. Ba4 Nc7 38. Re1 Rxe1+ 39. Kxe1 d4 40. Kd2 cxb4 41. cxb4 Nd5 42. b5 Kc5 43. bxa6 bxa6 44. Bd7 Ne7 45. Ke2 Kb4 46. Kf3 Kxa5 47. Kxf4 Kb4 48. Ke5 a5 49. Kxd4 a4 50. Be6 a3 51. Ke5 Nc6+ 52. Kf6 Na5 53. Ba2 Kc3 54. Kxf5 Kb2 55. d4 Kxa2 56. d5 Kb3 57. d6 Nb7 58. d7 a2 59. Kg5 a1=Q 60. Kxh4 Qd4+ 61. g4 Qxd7 62. f4 Nd6 63. f5 Kc4 64. Kg5 Kd5 65. h4 Ke5 66. h5 Qe7+ 67. Kh6 Kf6 68. g5+ Kxf5 69. g6 Qg5+ 70. Kg7 Qxh5 71. Kf8 Qh8+ 72. Ke7 Kxg6 73. Kxd6 Qf6+ 0-1


[Site "https://www.chess.com"]

[Event "Titled Tuesday Blitz November 14 Late 2023"]
[White "Pourkashiyan, Atousa"]
[Black "Mazurkiewicz, Michal"]
[WhiteFideId "12502014"]
[BlackFideId "1124943"]
[WhiteElo "2527"]
[BlackElo "2427"]
[Result "0-1"]
[Round "11"]
[TimeControl "180+1"]
[Date "2023.11.14"]
[WhiteClock "0:00:06"]
[BlackClock "0:00:16"]
[Board "51"]

1. e4 d6 2. d4 Nf6 3. Nc3 c6 4. a4 e5 5. dxe5 dxe5 6. Qxd8+ Kxd8 7. Bc4 Be6 8. Bxe6 fxe6 9. Bg5 Bb4 10. O-O-O+ Kc7 11. Na2 Nxe4 12. Nxb4 Nxg5 13. f3 Nd7 14. Ne2 a5 15. Na2 Nc5 16. h4 Nf7 17. Nac3 Rad8 18. Ng3 Nd6 19. Rde1 Nf7 20. Nge4 Nxe4 21. Nxe4 b6 22. Ng5 Nxg5 23. hxg5 Rd5 24. Re4 Kd6 25. b3 Rd4 26. Re2 b5 27. c3 Rd5 28. Ra2 bxa4 29. Rxa4 e4 30. g6 exf3 31. gxf3 h5 32. f4 h4 33. Rh3 Rf5 34. Re4 Rf6 35. Rd4+ Kc7 36. Kb2 Rxg6 37. Rdd3 Rg4 38. Rdf3 Rf8 39. Re3 Kd7 40. Re5 Rfxf4 41. Rxa5 Kd6 42. Rd3+ Ke7 43. Ra7+ Kf6 44. Rdd7 h3 45. Rf7+ Ke5 46. Rxg7 Rxg7 47. Rxg7 Rh4 48. Rg1 h2 49. Rh1 Kf4 50. Kc2 Kg3 0-1


[Site "https://www.chess.com"]

[Event "Titled Tuesday Blitz November 14 Late 2023"]
[White "ATM622"]
[Black "Jaskolka, Tomasz"]
[BlackFideId "1170791"]
[WhiteElo "2449"]
[BlackElo "2527"]
[Result "1/2-1/2"]
[Round "11"]
[TimeControl "180+1"]
[Date "2023.11.14"]
[WhiteClock "0:00:04"]
[BlackClock "0:00:10"]
[Board "52"]

1. d4 d5 2. c4 e5 3. dxe5 d4 4. Nf3 Nc6 5. a3 a5 6. e3 Bc5 7. exd4 Bxd4 8. Nxd4 Qxd4 9. Qxd4 Nxd4 10. Bd3 Nb3 11. Nc3 Nxa1 12. Nd5 Rb8 13. Nxc7+ Kd7 14. Nd5 Ne7 15. Bf4 Nxd5 16. cxd5 Ra8 17. O-O Nb3 18. Be3 b6 19. Bxb6 Ba6 20. Bf5+ Ke8 21. Re1 Ra7 22. Bxa7 g6 23. Bc2 a4 24. e6 fxe6 25. Rxe6+ Kd7 26. Rxa6 Rc8 27. Rc6 Rd8 28. Bxb3 axb3 29. Bb6 Re8 30. Kf1 Re5 31. Rc4 h5 32. Be3 g5 33. h4 gxh4 34. Rxh4 Kc8 35. Rc4+ Kb7 36. Rb4+ Ka6 37. Rxb3 Rxd5 38. Rb6+ Ka5 39. b4+ Ka4 40. Ra6+ Kb3 41. Ke2 h4 42. Bc5 Kc4 43. a4 h3 44. gxh3 Rh5 45. Rc6 Rxh3 46. a5 Ra3 47. b5 Ra2+ 48. Kf3 Kxb5 49. Rc8 Rxa5 50. Be3 Ra1 51. Kf4 Rf1 52. f3 Ka6 53. Rb8 Re1 54. Ke4 Rd1 55. f4 Rh1 56. f5 Rf1 57. Ke5 Rb1 58. f6 Rxb8 59. f7 Kb5 60. Bh6 Kc6 61. f8=N Kc7 62. Ne6+ Kd7 63. Nd4 Rh8 64. Bg7 Rh7 65. Bf8 Rh5+ 66. Kf6 Rd5 67. Ne6 Rd1 68. Nc5+ Kc6 69. Ne6 Kd7 70. Nf4 Rd2 71. Bh6 Rd1 72. Kf5 Ke7 73. Bg5+ Kf7 74. Ke4 Re1+ 75. Kd3 Rf1 76. Ke2 Rb1 77. Nd3 Rb5 78. Be3 Kg6 79. Bd4 Kf5 80. Ke3 Rb1 81. Nf2 Ke6 82. Ke4 Re1+ 83. Kd3 Rf1 84. Ng4 Rb1 85. Kc2 Rf1 86. Ne3 Rf4 87. Bc5 Rh4 88. Kd3 Kd7 89. Nf5 Rh3+ 90. Ke4 Kc6 91. Bd4 Rh1 92. Ne7+ Kd7 93. Nd5 Kc6 94. Ne7+ Kb5 95. Nf5 Kc4 96. Be5 Re1+ 97. Kf4 Kd5 98. Bb8 Rf1+ 99. Kg5 Ke6 100. Nd4+ Kd5 101. Ne2 Rf2 102. Ng3 Rf3 103. Kg4 Rf2 104. Nf5 Ke4 105. Ng3+ Kd5 106. Ba7 Rf7 107. Nh5 Rxa7 108. Kf5 Rf7+ 109. Kg6 Rf1 110. Kg5 Ke5 111. Kg4 Rg1+ 112. Ng3 Kd4 113. Kf3 Ra1 114. Ne2+ Ke5 115. Ng3 Ra3+ 116. Kg4 Kf6 117. Ne4+ Ke5 118. Ng3 Rb3 119. Nf1 Rc3 120. Ng3 Rc1 121. Ne2 Rf1 122. Ng3 Rf2 123. Nh1 Rg2+ 124. Ng3 Kd4 125. Kf3 Rh2 126. Ne2+ Kd3 127. Ng3 Rh7 128. Kf4 Rf7+ 129. Nf5 Kc4 130. Ke5 Kd3 131. Nd6 Re7+ 132. Kd5 Rd7 133. Ke6 1/2-1/2


[Site "https://www.chess.com"]

[Event "Titled Tuesday Blitz November 14 Late 2023"]
[White "Pesotskiy, Mikhail"]
[Black "Bogaudinov, Rushan"]
[WhiteFideId "34164453"]
[BlackFideId "4129288"]
[WhiteElo "2508"]
[BlackElo "2412"]
[Result "1-0"]
[Round "11"]
[TimeControl "180+1"]
[Date "2023.11.14"]
[WhiteClock "0:00:16"]
[BlackClock "0:00:19"]
[Board "53"]

1. d4 Nf6 2. c4 e6 3. Nc3 b6 4. e4 Bb4 5. Bd3 Bb7 6. Qc2 c5 7. d5 d6 8. Ne2 Nbd7 9. O-O O-O 10. Rb1 a5 11. Nb5 Ne5 12. a3 Nfg4 13. axb4 Qh4 14. h3 Nxd3 15. Qxd3 Ne5 16. Qc2 Rfd8 17. bxc5 bxc5 18. Bf4 a4 19. dxe6 fxe6 20. Nc7 Ra7 21. Nxe6 Re8 22. Nc7 Rf8 23. Bg3 Qh5 24. Nf4 Qf7 25. Ncd5 g5 26. Ne2 Ng6 27. f4 Qg7 28. fxg5 Ne5 29. Rxf8+ Qxf8 30. Rf1 Qa8 31. Bxe5 dxe5 32. Qc3 Qb8 33. Qf3 Bc6 34. Qf6 Bxd5 35. cxd5 Rg7 36. Ng3 c4 37. Nf5 Rg6 38. Nh6+ Rxh6 39. gxh6 Qb6+ 40. Qxb6 1-0


[Site "https://www.chess.com"]

[Event "Titled Tuesday Blitz November 14 Late 2023"]
[White "Ventura Bolet, Maxim"]
[Black "Marchesich, Giovanni"]
[WhiteFideId "22238824"]
[BlackFideId "2824790"]
[WhiteElo "2496"]
[BlackElo "2409"]
[Result "1-0"]
[Round "11"]
[TimeControl "180+1"]
[Date "2023.11.14"]
[WhiteClock "0:00:27"]
[BlackClock "0:00:31"]
[Board "54"]

1. Nf3 Nf6 2. g3 c5 3. Bg2 Nc6 4. O-O e5 5. c4 Be7 6. Nc3 O-O 7. Ne1 Ne8 8. Nc2 Nc7 9. Ne3 d6 10. d3 Be6 11. Ned5 Rb8 12. Bd2 a6 13. a3 b5 14. Rb1 b4 15. axb4 cxb4 16. Nxc7 Qxc7 17. Nd5 Qd7 18. Qa4 Rfc8 19. Qxa6 Ra8 20. Qb5 Ra5 21. Qb6 Bd8 22. Qe3 Ra4 23. b3 Ra2 24. Nxb4 Rxd2 25. Qxd2 Ba5 26. Bxc6 Rxc6 27. Ra1 Qc7 28. Nxc6 Bxd2 29. Ra8+ Bc8 30. Rxc8+ Qxc8 31. Ne7+ 1-0


[Site "https://www.chess.com"]

[Event "Titled Tuesday Blitz November 14 Late 2023"]
[White "Kochiev, Ivan"]
[Black "Figorito, Nick"]
[WhiteFideId "2917890"]
[BlackFideId "30923689"]
[WhiteElo "2495"]
[BlackElo "2408"]
[Result "1/2-1/2"]
[Round "11"]
[TimeControl "180+1"]
[Date "2023.11.14"]
[WhiteClock "0:03:02"]
[BlackClock "0:02:52"]
[Board "55"]

1. e4 e6 2. d4 d5 3. Nd2 Nf6 4. e5 Nfd7 5. Bd3 c5 6. c3 Nc6 7. Ne2 cxd4 8. cxd4 f6 9. exf6 Nxf6 10. Nf3 Bd6 11. Bf4 Bb4+ 12. Bd2 Bd6 13. Bf4 Bb4+ 14. Bd2 Bd6 15. Bf4 1/2-1/2


[Site "https://www.chess.com"]